 Dungeon Crawl Stone Soup version 0.27-a0-1579-g97d2440184 (webtiles) character file.

Game seed: 8960729794281624216

49 flotson the Sneak (level 3, 0/29 HPs)
             Began as a Demonspawn Delver on July 17, 2021.
             Succumbed to a kobold's poison
             ... on level 4 of the Dungeon.
             The game lasted 00:03:30 (579 turns).

flotson the Sneak (Demonspawn Delver)                Turns: 579, Time: 00:03:31

Health: 0/29       AC:  3    Str: 19    XL:     3   Next: 51%
Magic:  3/3        EV: 12    Int: 11    God:
Gold:   13         SH:  0    Dex: 14    Spells: 2/2 levels left

rFire    . . .     SeeInvis .   a - +0 hand axe
rCold    . . .     Faith    .   (no shield)
rNeg     . . .     Spirit   .   b - +0 leather armour
rPois    .         Reflect  .   (no helmet)
rElec    .         Harm     .   (no cloak)
rCorr    .         Rampage  .   (no gloves)
Will     .....                  (no boots)
Stlth    ++........             (no amulet)
HPRegen  0.09/turn              f - +6 ring of strength
MPRegen  0.08/turn              (no ring)

@: lethally poisoned (0 -> -4)
A: hooves 1, demonic guardian 1
a: no special abilities


You were on level 4 of the Dungeon.
You visited 1 branch of the dungeon, and saw 4 of its levels.

You collected 13 gold pieces.

Inventory:

Hand Weapons
 a - a +0 hand axe (weapon)
Armour
 b - a +0 leather armour (worn)
Jewellery
 f - a +6 ring of strength (left hand)
Wands
 d - a wand of flame (8)
 g - a wand of digging (3)
Scrolls
 c - a scroll of fog
 e - a scroll of fear
 i - a scroll of immolation {unknown}
 j - a scroll of enchant weapon {unknown}


   Skills:
 + Level 3.4 Fighting
 + Level 2.2 Axes
 + Level 1.1 Armour
 + Level 2.3 Dodging
 - Level 4.5 Stealth
 + Level 0.6 Evocations


You had 2 spell levels left.
You didn't know any spells.
Your spell library was empty.

Dungeon Overview and Level Annotations

Branches:
Dungeon (5/15)
 Temple: D:4-7

Altars:
Ru


Innate Abilities, Weirdness & Mutations

You have large cloven feet.
A weak demonic guardian rushes to your aid.


Message History

Aim: a white imp (heavily wounded, 68% to hit)
The puff of flame hits the white imp!
The white imp is burned terribly!
You kill the white imp!
A kobold comes into view.
It is wielding a +0 short sword and quivering poisoned darts.
You hear the quick rusting of a very distant drain.
Throw: 3 darts (atropa)
Press: ? - help, Q - select action, (/) - cycle Shift-Dir - straight line, f - kobold
Aim: a kobold, wielding a +0 short sword and quivering poisoned darts (51% to hit, chance to blind on hit: 100%)
You throw an atropa-tipped dart.
The atropa-tipped dart closely misses the kobold.
The kobold throws a poisoned dart.
The poisoned dart barely misses you.
Throw: 2 darts (atropa)
Press: ? - help, Q - select action, (/) - cycle Shift-Dir - straight line, f/p - kobold
Aim: a kobold, wielding a +0 short sword and quivering poisoned darts (51% to hit, chance to blind on hit: 100%)
You throw an atropa-tipped dart.
The atropa-tipped dart closely misses the kobold.
The kobold throws a poisoned dart.
The poisoned dart barely misses you.
Throw: dart (atropa)
Press: ? - help, Q - select action, (/) - cycle Shift-Dir - straight line, f/p - kobold
Aim: a kobold, wielding a +0 short sword and quivering poisoned darts (51% to hit, chance to blind on hit: 100%)
You throw an atropa-tipped dart. The atropa-tipped dart hits the kobold.
The kobold appears confused.
The kobold chortles and stares into space.
The kobold seems less confused.
The kobold is no longer blind.
The kobold hits you but does no damage.
You see here an atropa-tipped dart.
You closely miss the kobold. You kick the kobold.
The kobold is moderately wounded.
The kobold hits you with a +0 short sword.
* * * LOW HITPOINT WARNING * * *
A demonic guardian appears!
The kobold throws a poisoned dart.
The poisoned dart hits you!
You are lethally poisoned!
You aren't carrying any potions.
* * * LOW HITPOINT WARNING * * *
You feel sick.
The kobold hits your white imp with a +0 short sword.
Unknown command.
Found a robe.
You die...

........##....#
.........#....#
..............###
.....#######....#
.##.#..≈≈≈..#..######
...#..≈...≈..#.##...# ##
#.#...≈._.≈...#.....#..##
..†#..≈...≈..#.....5K...#
....#..≈≈≈..#.##@###.(###
.....#######.....# #...#
.........[...#.... #.....
...........###..... .....
........... ##..... ##..
.#........ #...... .
.##....... ........
.......... .........
.........


You could see a kobold (ally target) and a friendly white imp (summoned).

Vanquished Creatures
  A hound skeleton (D:4)
  A white imp (D:4)
  An ufetubus (D:4)
  2 dart slugs (D:4)
  A giant cockroach (D:4)
  A goblin (D:4)
  2 hobgoblins (D:4)
  2 kobolds (D:4)
  A ball python (D:4)
  A rat (D:3)
13 creatures vanquished.

Vanquished Creatures (collateral kills)
  A hound skeleton (D:4)
1 creature vanquished.

Grand Total: 14 creatures vanquished

Notes
Turn   | Place    | Note
-------+----------+-------------------------------------------
     0 | D:5      | flotson the Demonspawn Delver began the quest for the Orb.
     0 | D:5      | Reached XP level 1. HP: 18/18 MP: 1/1
     8 | D:5      | Noticed a lemure
   247 | D:4      | Gained mutation: A weak demonic guardian rushes to your
                  | aid. [demonic ancestry]
   247 | D:4      | Reached XP level 2. HP: 17/24 MP: 2/2
   466 | D:4      | Reached skill level 1 in Armour
   466 | D:4      | Gained mutation: You have large cloven feet. [demonic
                  | ancestry]
   466 | D:4      | Reached XP level 3. HP: 22/29 MP: 3/3
   536 | D:4      | Found a sacrificial altar of Ru.
   578 | D:4      | HP: 1/29 [poisoned by a kobold]
   579 | D:4      | Succumbed to a kobold's poison

Illustrated notes

Levels and vault maps discovered:
D:2:      layout_basic, dreamdust_ecumenical_altar_hidden_monk_grotto
D:3:      layout_rooms, nicolae_tso_besieged_by_evil, elyvilon_altar_1
D:4:      layout_cave_pools, mainiacjoe_overflow_24_doors,
          nicolae_ru_awakened_eye, kennysheep_mini_moat, gup_sewer_entry_bubbles
D:5:      layout_basic, minmay_overflow_temple_star_quad,
          chequers_serial_rivers_marsh, amcnicky_mini_pool_medium,
          uniq_eustachio, uniq_pikel

Skill      XL: |  1  2 |
---------------+-------+-----
Axes           | 2 |  2.2
Dodging        | 2 |  2.3
Armour         | 1 |  1.1
Fighting       | |  3.4
Stealth        | |  4.5
Evocations     | |  0.6

Action                   || total
-------------------------++-------
Melee: Hand axe          ||    50
       Kick              ||     8
Throw: Dart              ||     3
Evoke: Wand              ||     3
  Use: Scroll            ||     1
       Potion            ||     1
 Stab: Sleeping          ||     1
Armor: Leather armour    ||    14
Dodge: Dodged            ||    31

Table legend: (Time is in decaauts)
 A = Elapsed time spent in this place.
 B = Non-inter-level travel time spent in this place.
 C = Inter-level travel time spent in this place.
 D = Time resting spent in this place.
 E = Time spent auto-exploring this place.
 F = Levels seen in this place.
 G = Mean time per level.
                   A        B        C        D        E       F      G
               +--------+--------+--------+--------+--------+-----+--------+
         Total |    574 |    574 |      0 |     47 |    288 |   4 |  143.5 |
       Dungeon |    574 |    574 |      0 |     47 |    288 |   4 |  143.5 |
               +--------+--------+--------+--------+--------+-----+--------+

Top non-repeatable levels by time:
     D:4: 499 daAuts
     D:5: 54 daAuts
     D:3: 19 daAuts
     D:2: 1 daAuts
